 Dungeon Crawl Stone Soup version 0.31-a0-43-g46d131a48f (webtiles) character file.

Game seed: 10125594076383174886

3643 Essalna the Destroyer (level 10, -2/63 HPs)
             Began as a Tengu Fire Elementalist on May 19, 2023.
             Was a Follower of Vehumet.
             Slain by a red devil
             ... wielding a +2 demon trident of venom
             ... summoned by a kobold demonologist
              (10 damage)
             ... in a bailey.
             The game lasted 00:15:38 (6164 turns).

Essalna the Destroyer (Tengu Fire Elementalist)     Turns: 6164, Time: 00:15:39

Health: -2/63      AC:  7    Str: 15    XL:     10   Next: 12%
Magic:  11/14      EV: 15    Int: 21    God:    Vehumet [*.....]
Gold:   414        SH:  0    Dex: 11    Spells: 10/13 levels left

rFire   + . .        g - +2 dagger
rCold   . . .        (no shield)
rNeg    . . .        I - +1 leather armour {rPois}
rPois   +            (helmet restricted)
rElec   .            B - +0 cloak
rCorr   +            x - +1 pair of gloves
SInv    .            (boots unavailable)
Will    +....        p - amulet of magic regeneration
Stlth   ++           F - ring of protection from fire
HPRegen 0.30/turn    q - ring of Qomagg {rPois Will+ rCorr Str+7 Dex-3}
MPRegen 0.54/turn

%: no passive effects
@: lethally poisoned (-2 -> -13), spiked, flying quickly and evasively, quick
A: beak, talons 3, nimble flight
a: Renounce Religion


You were in a bailey.
You worshipped Vehumet.
Vehumet was aware of your devotion.
You visited 2 branches of the dungeon, and saw 8 of its levels.
You also visited: Bailey.

You collected 414 gold pieces.

Inventory:

Hand Weapons
 g - a +2 dagger (weapon)
Missiles
 A - a throwing net
Armour
 a - a +0 robe
 i - a +2 pair of gloves
 x - a +1 pair of gloves (worn)
 B - a +0 cloak (worn)
 I - a +1 leather armour of poison resistance (worn)
Jewellery
 d - a +6 ring of dexterity
 k - an amulet of reflection
 p - an amulet of magic regeneration (around neck)
 q - the ring of Qomagg (right hand) {rPois Will+ rCorr Str+7 Dex-3}
   (You found it on level 3 of the Dungeon)

   [ring of willpower]

   Str:       It affects your strength (+7).
   Dex:       It affects your dexterity (-3).
   rPois:     It protects you from poison.
   rCorr:     It protects you from acid and corrosion.
   Will:      It increases your willpower.
 r - a ring of protection from cold
 F - a ring of protection from fire (left hand)
Wands
 y - a wand of flame (23)
Scrolls
 j - a scroll of enchant armour
 w - a scroll of magic mapping
Potions
 c - a potion of invisibility
 e - a potion of curing
 f - 2 potions of mutation
 h - a potion of flight {unknown}
 m - 2 potions of cancellation {unknown}
 n - a potion of heal wounds {unknown}
 o - 3 potions of brilliance
 t - 2 potions of lignification {unknown}
 u - 2 potions of attraction
 z - 2 potions of degeneration {unknown}
 D - a potion of ambrosia {unknown}
 E - a potion of berserk rage {unknown}


   Skills:
 + Level 7.5 Fighting
 + Level 4.0 Armour
 + Level 4.8 Dodging
 - Level 2.0 Stealth
 - Level 2.0 Spellcasting
 + Level 9.9 Conjurations
 + Level 8.9 Fire Magic


You had 10 spell levels left.
You knew the following spells:

 Your Spells              Type           Power      Damage    Failure   Level
a - Foxfire               Conj/Fire      100%       2x1d9     1%          1
b - Scorch                Fire           78%        2d8       1%          2

Your spell library contained the following spells:

 Spells                   Type           Power      Damage    Failure   Level
 Magic Dart               Conj           100%       1d8       1%          1
 Static Discharge         Conj/Air       44%        2-4/arc   3%          2
 Flame Wave               Conj/Fire      41%        2d11      3%          4
 Dazzling Flash           Conj/Hex       44%        N/A       7%          3
 Stone Arrow              Conj/Erth      44%        3d9       7%          3
 Inner Flame              Hex/Fire       20%        N/A       9%          3
 Volatile Blastmotes      Fire/Tloc      40%        2d13      9%          3
 Sandblast                Erth           4%         2d4       19%         1
 Slow                     Hex            8%         N/A       19%         1
 Iskenderun's Mystic Bla  Conj/Tloc      22%        2d6       24%         4
 Passwall                 Tmut/Erth      1%         N/A       26%         2
 Confusing Touch          Hex            2%         N/A       47%         3
 Ozocubu's Armour         Ice            2%         N/A       47%         3
 Vampiric Draining        Necr           2%         2d6       47%         3
 Starburst                Conj/Fire      20%        6d7       50%         6
 Airstrike                Air            1%         2d(1-17)  87%         4
 Summon Lightning Spire   Summ/Air       2%         N/A       87%         4
 Ozocubu's Refrigeration  Ice            1%         4d7       100%        7


Dungeon Overview and Level Annotations

Branches:
Dungeon (7/15)             Temple (1/1) D:4          Bailey (1/1)

Altars:
Cheibriados
Dithmenos
Elyvilon
Fedhas
Gozag
Hepliaklqana
Kikubaaqudgha
Makhleb
Nemelex Xobeh
Okawaru
Qazlal
Ru
Sif Muna
Trog
Uskayaw
Vehumet
Xom
Yredelemnul
Zin
The Shining One

Shops:
D:1 *


Innate Abilities, Weirdness & Mutations

You have a beak for a mouth.
You have claws for feet.
Your magical nature lets you fly swiftly and evasively.


Message History

Barbed spikes become lodged in your body.
Casting: Foxfire (safe; 1% risk of failure)
Confirm with . or Enter, or press ? or * to list all spells.
You conjure some foxfire!
The foxfire hits the crimson imp.
The crimson imp completely resists.
The foxfire hits the red devil.
The red devil completely resists.
The foxfire hits the crimson imp.
The crimson imp completely resists.
The crimson imp summons a swarm of flies.
The crimson imp closely misses you. The red devil misses you.
Casting: Foxfire (safe; 1% risk of failure)
Confirm with . or Enter, or press ? or * to list all spells.
You conjure some foxfire!
The foxfire hits the crimson imp.
The crimson imp completely resists.
The foxfire hits the red devil.
The red devil completely resists.
The crimson imp closely misses you.
The kobold demonologist casts a spell.
The red devil hits you from afar with a +0 trident.
Barbed spikes become lodged in your body.
Casting: Foxfire (safe; 1% risk of failure)
Confirm with . or Enter, or press ? or * to list all spells.
You conjure some foxfire!
The foxfire hits the red devil but does no damage.
The foxfire hits the red devil.
The red devil completely resists.
The crimson imp barely misses you.
The red devil hits you from afar with a +0 trident.
* * * LOW HITPOINT WARNING * * *
Barbed spikes become lodged in your body.
The red devil hits you with a +2 demon trident of venom.
* * * LOW HITPOINT WARNING * * *
Barbed spikes become lodged in your body.
You are lethally poisoned!
Casting: Foxfire (safe; 1% risk of failure)
Confirm with . or Enter, or press ? or * to list all spells.
You conjure some foxfire!
* * * LOW HITPOINT WARNING * * *
You feel very sick.
The foxfire hits the crimson imp.
The crimson imp completely resists.
The foxfire hits the red devil.
The red devil completely resists.
The crimson imp completely misses you.
The red devil hits you with a +2 demon trident of venom!
You die...

#...# #..#.~≈≈≈≈≈ #+#
#8.8###+##)#'#≈≈≈≈≈ #..
#...#.))#..).#≈≈≈≈≈
#...#...#.))#....#≈≈≈≈≈
.######)######..###≈≈≈≈≈
.......∩........'.#≈≈≈≈≈
##~~~~K4~)~~~######≈≈≈≈≈
≈≈≈≈≈≈≈§v≈≈≈≈≈≈≈≈≈≈≈≈≈≈≈
≈≈≈≈≈≈4@5≈≈≈≈≈≈≈≈≈≈≈≈≈≈≈
≈≈≈≈≈≈≈v≈§≈≈≈≈≈≈≈≈≈≈≈≈≈≈
≈≈≈≈≈≈≈≈≈≈≈≈≈≈≈≈≈≈≈≈≈≈≈≈
≈≈≈≈≈≈≈≈≈≈≈≈≈≈≈≈≈≈≈≈≈≈≈≈
########################


You could see a kobold demonologist, 2 red devils and a crimson imp (summoned,
ally target).

Vanquished Creatures
  An orc sorcerer (Bailey)
  A troll (D:7)
  A steam dragon (D:7)
  2 water moccasins
  3 ice beasts
  5 orc warriors (Bailey)
  An ogre (D:6)
  A centaur (D:7)
  A phantom (D:5)
  2 bullfrogs
  A scorpion (D:6)
  10 wights (D:6)
  3 killer bees (D:7)
  A howler monkey (D:7)
  4 electric eels (Bailey)
  6 hounds
  3 orc priests
  2 jellies
  A sleepcap (D:4)
  2 iguanas
  4 orc wizards (D:7)
  A gnoll (Bailey)
  10 adders
  A white imp (D:7)
  An ufetubus (D:5)
  3 worms
  A dart slug (D:1)
  13 orcs
  5 endoplasms
  3 giant cockroaches
  14 goblins
  5 hobgoblins
  2 jackals (D:2)
  3 quokkas
  11 ball pythons
  5 bats
  3 frilled lizards
  2 kobolds (D:4)
  7 rats
145 creatures vanquished.

Vanquished Creatures (collateral kills)
  3 foxfires (D:1)
3 creatures vanquished.

Vanquished Creatures (others)
  A killer bee (D:7)
  769 foxfires
770 creatures vanquished.

Grand Total: 918 creatures vanquished

Notes
Turn   | Place    | Note
-------+----------+-------------------------------------------
     0 | D:1      | Essalna the Tengu Fire Elementalist began the quest for the
                  | Orb.
     0 | D:1      | Reached XP level 1. HP: 10/10 MP: 4/4
   514 | D:1      | Reached skill level 2 in Conjurations
   514 | D:1      | Reached XP level 2. HP: 16/16 MP: 1/6
   686 | D:1      | Found Heetat's General Store.
  1026 | D:1      | Reached skill level 1 in Fighting
  1884 | D:2      | Reached XP level 3. HP: 20/20 MP: 3/7
  2727 | D:3      | Identified the ring of Qomagg {rPois Will+ rCorr Str+7
                  | Dex-3}
  3020 | D:3      | Reached skill level 3 in Conjurations
  3189 | D:3      | Reached XP level 4. HP: 26/26 MP: 8/8
  3441 | D:4      | Found a shimmering blue altar of Sif Muna.
  3463 | D:4      | Found a shadowy altar of Dithmenos.
  3463 | D:4      | Found an iron altar of Okawaru.
  3463 | D:4      | Found a glowing silver altar of Zin.
  3464 | D:4      | Found an ancient bone altar of Kikubaaqudgha.
  3465 | D:4      | Found a blossoming altar of Fedhas.
  3466 | D:4      | Found a hazy altar of Hepliaklqana.
  3505 | D:4      | Gained mutation: Your magical nature lets you fly swiftly
                  | and evasively. [Tengu growth]
  3505 | D:4      | Reached XP level 5. HP: 31/31 MP: 6/9
  3616 | D:4      | Learned a level 2 spell: Scorch
  3687 | D:4      | Reached skill level 4 in Conjurations
  3764 | D:4      | Found a staircase to the Ecumenical Temple.
  3805 | Temple   | Entered the Ecumenical Temple
  4106 | D:5      | Entered Level 5 of the Dungeon
  4111 | D:5      | Found a stormy altar of Qazlal.
  4168 | D:5      | Reached skill level 5 in Fire Magic
  4168 | D:5      | Reached XP level 6. HP: 37/37 MP: 7/10
  4181 | D:5      | Reached skill level 5 in Conjurations
  4224 | D:5      | Noticed an ice beast
  4238 | D:5      | Killed an ice beast
  4239 | D:5      | Reached XP level 7. HP: 24/43 MP: 4/11
  4598 | D:6      | Reached skill level 6 in Conjurations
  4667 | D:6      | Reached XP level 8. HP: 48/48 MP: 8/12
  4770 | D:6      | Reached skill level 5 in Fighting
  4847 | D:6      | Reached skill level 7 in Conjurations
  4999 | D:6      | Reached skill level 8 in Conjurations
  5131 | D:6      | Found a radiant altar of Vehumet.
  5140 | D:6      | Became a worshipper of Vehumet
  5176 | D:6      | Reached XP level 9. HP: 55/55 MP: 9/13
  5575 | D:7      | Reached skill level 1 in Armour
  5670 | D:7      | Noticed a troll
  5678 | D:7      | Killed a troll
  5679 | D:7      | Reached skill level 9 in Conjurations
  5711 | D:7      | Reached * piety under Vehumet
  5711 | D:7      | Offered knowledge of Magic Dart by Vehumet.
  5726 | D:7      | Found a flagged portal.
  5732 | Bailey   | Entered a bailey
  5963 | Bailey   | Noticed an orc sorcerer
  5969 | Bailey   | Killed an orc sorcerer
  5970 | Bailey   | Reached XP level 10. HP: 63/63 MP: 5/14
  6091 | Bailey   | Found the +5 scythe "Finisher" {speed, execute}
  6114 | Bailey   | Found an iron altar of Okawaru.
  6116 | Bailey   | Noticed a kobold demonologist
  6164 | Bailey   | Slain by a red devil

Illustrated notes

Levels and vault maps discovered:
D:1:      elethiomel_arrival_maze, layout_basic, serial_shops, shop_coins,
          serial_forest, infiniplex_forest_clump_cross,
          infiniplex_forest_clump_small, infiniplex_forest_straight_3,
          infiniplex_forest_end_double, infiniplex_forest_clump_small,
          infiniplex_forest_clump_curved, infiniplex_forest_clump_small,
          infiniplex_forest_straight_2, infiniplex_forest_clump_small
D:2:      layout_basic, serial_curves, eino_curves_03, eino_curves_03,
          chequers_serial_rivers_room_a
D:3:      layout_loops_ring
D:4:      layout_basic, minitemple, minmay_temple_entry_large_hall
D:5:      layout_rooms, grunt_qazlal_clouds
D:6:      layout_loops_ring, mainiacjoe_overflow_paths
D:7:      layout_basic, enter_bailey_3
Temple:   jpeg_temple_clearing
Bailey:   bailey_axe_of_yendor_kennysheep, bailey

Skill      XL: |  1  2  3  4  5  6  7  8  9 10 |
---------------+-------------------------------+-----
Conjurations   | 2 3 4 5 6 8 9 |  9.9
Fighting       | 1 2 3 4 6 7 |  7.5
Fire Magic     | 4 5 6 7 8 |  8.9
Armour         | 3 4 |  4.0
Dodging        | 4 |  4.8
Stealth        | |  2.0
Spellcasting   | |  2.0

Action                     |  1- 3 |  4- 6 |  7- 9 | 10-12 || total
---------------------------+-------+-------+-------+-------++-------
  Melee: Dagger            |    15 |    10 |     3 |     1 ||    29
         Kick              |     5 |     3 |     1 |       ||     9
         Peck              |     2 |       |     1 |       ||     3
   Cast: Foxfire           |   106 |   103 |   192 |    63 ||   464
         Scorch            |       |     7 |    30 |     4 ||    41
    Use: Scroll            |       |       |    13 |       ||    13
         Potion            |       |       |     4 |     1 ||     5
   Stab: Sleeping          |     2 |     1 |       |       ||     3
 Armour: Robe              |     2 |     6 |     2 |       ||    10
         Leather armour    |       |       |     7 |     4 ||    11
  Dodge: Dodged            |     7 |    16 |    59 |    21 ||   103
  Block: Other             |     3 |       |       |       ||     3

Table legend: (Time is in decaauts)
 A = Elapsed time spent in this place.
 B = Non-inter-level travel time spent in this place.
 C = Inter-level travel time spent in this place.
 D = Time resting spent in this place.
 E = Time spent auto-exploring this place.
 F = Levels seen in this place.
 G = Mean time per level.
                   A        B        C        D        E       F      G
               +--------+--------+--------+--------+--------+-----+--------+
         Total |   5994 |   5837 |    157 |      0 |   4809 |   9 |  666.0 |
       Dungeon |   5450 |   5309 |    141 |      0 |   4456 |   7 |  778.6 |
        Temple |    125 |    110 |     15 |      0 |     98 |   1 |  125.0 |
        Bailey |    418 |    418 |      0 |      0 |    254 |   1 |  418.0 |
               +--------+--------+--------+--------+--------+-----+--------+

Top non-repeatable levels by time:
     D:1: 1381 daAuts
     D:2: 1267 daAuts
     D:6: 911 daAuts
     D:3: 676 daAuts
     D:4: 608 daAuts
  Bailey: 418 daAuts
     D:5: 415 daAuts
     D:7: 189 daAuts
  Temple: 125 daAuts
